 Dungeon Crawl Stone Soup version 0.21.0-3-g78d12a8 (console) character file.

210 removed the Grasshopper (level 5, -4/32 HPs)
             Began as a Deep Elf Warper on Jan 13, 2018.
             Slain by a wight
             ... wielding a cursed +0 short sword
              (6 damage)
             ... on level 4 of the Dungeon.
             The game lasted 00:06:17 (3720 turns).

removed the Grasshopper (Deep Elf Warper)           Turns: 3720, Time: 00:06:18

Health: -4/32      AC:  8    Str:  8    XL:     5   Next: 56%
Magic:  11/11      EV: 12    Int: 19    God:
Gold:   241        SH:  0    Dex: 14    Spells: 6/10 levels left

rFire    . . .     SeeInvis .   a - +0 long sword
rCold    . . .     Gourm    .   (no shield)
rNeg     . . .     Faith    .   b - +0 leather armour
rPois    .         Spirit   .   (no helmet)
rElec    .         Reflect  .   (no cloak)
rCorr    .         Harm     .   (no gloves)
MR       .....                  (no boots)
Stlth    +.........             (no amulet)
HPRegen  0.10/turn              q - +5 ring of protection
MPRegen  0.12/turn              (no ring)

@: drained
A: no striking features
a: no special abilities


You were on level 4 of the Dungeon.
You were not hungry.

You visited 1 branch of the dungeon, and saw 4 of its levels.

You collected 241 gold pieces.

Inventory:

Hand Weapons
 a - a +0 long sword (weapon)
 p - a +0 falchion
Missiles
 e - 5 tomahawks of dispersal
 o - 7 curare-tipped needles
 w - 5 javelins (quivered)
 y - 3 tomahawks
Armour
 b - a +0 leather armour (worn)
Jewellery
 q - a +5 ring of protection (left hand)
Scrolls
 d - 2 scrolls of blinking
 h - 5 scrolls of teleportation
 l - a scroll of enchant weapon {unknown}
 n - 2 scrolls of remove curse
 t - a scroll of amnesia {unknown}
 u - a scroll of random uselessness {unknown}
 z - a scroll of enchant armour {unknown}
Potions
 k - a potion of brilliance
 m - a potion of berserk rage
 r - 2 potions of curing
 v - a potion of degeneration
 x - a potion of magic {unknown}
Books
 c - a book of Spatial Translocations

   Spells                             Type                      Level
   a - Blink                          Translocation                2
   b - Shroud of Golubria             Charms/Translocation         2
   c - Lesser Beckoning               Translocation                3
   d - Gell's Gravitas                Translocation                3
   e - Teleport Other                 Translocation                3
   f - Passage of Golubria            Translocation                4
Comestibles
 f - 4 rations


   Skills:
 - Level 3.0(2.2) Fighting
 - Level 1.7(1.0) Long Blades
 - Level 1.0(0.2) Throwing
 - Level 0.7(0.0) Armour
 - Level 3.4(2.6) Dodging
 - Level 3.0(2.2) Spellcasting
 + Level 5.6(4.8) Translocations


You had 6 spell levels left.
You knew the following spells:

 Your Spells              Type           Power        Failure   Level  Hunger
a - Shroud of Golubria    Chrm/Tloc      ##........   14%         2    ##.....
l - Blink                 Tloc           N/A          4%          2    ##.....


Dungeon Overview and Level Annotations

Branches:
Dungeon (4/15)
 Temple: D:4-7

Altars:
Dithmenos
Fedhas
Nemelex Xobeh
Ru

Annotations:
D:3 Jatast's ghost, amateur DsAK
D:4 Menkaure


Message History

The wight hits you with a short sword.
* * * LOW HITPOINT WARNING * * *
You feel drained.
You barely miss the wight.
The wight is severely damaged.
The wight closely misses you.
You closely miss the wight.
The wight is severely damaged.
The wight barely misses you. The wight hits you but does no damage.
You hit the wight but do no damage.
The wight is severely damaged.
The wight closely misses you.
You closely miss the wight.
The wight is severely damaged.
The wight hits you with a short sword.
* * * LOW HITPOINT WARNING * * *
You hit the wight but do no damage.
The wight is heavily damaged.
The wight hits you but does no damage. The wight hits you with a short sword.
You die...

...z. #..# #.#
#<.# #.# #..# #.#
#..M. ...
...####.# #. #..#
#z# #.# #.## #z#
#.# #.# #@# #.# #
#.# ###.###.## #.#
#.##.###..........
#.#
#..........###....
#.#######.###.###
## #.............#
#.#############
#.# #.#


You could see 2 wights.

Vanquished Creatures
  A wight (D:4)
  An orc wizard (D:4)
  A worker ant (D:4)
  2 adders (D:2)
  3 oozes
  2 dart slugs (D:2)
  A leopard gecko (D:2)
  3 orcs
  3 giant cockroaches
  11 goblins
  13 hobgoblins
  5 jackals (D:3)
  A quokka (D:2)
  A ball python (D:2)
  9 bats
  7 frilled lizards
  3 kobolds
  11 rats
78 creatures vanquished.

Vanquished Creatures (others)
  An orc wizard (D:4)
1 creature vanquished.

Grand Total: 79 creatures vanquished

Notes
Turn   | Place    | Note
-------+----------+-------------------------------------------
     0 | D:1      | removed the Deep Elf Warper began the quest for the Orb.
     0 | D:1      | Reached XP level 1. HP: 12/12 MP: 6/6
   673 | D:1      | Reached XP level 2. HP: 13/16 MP: 8/8
   726 | D:1      | Learned a level 2 spell: Blink
   729 | D:1      | Learned a level 2 spell: Shroud of Golubria
  1265 | D:2      | Reached XP level 3. HP: 22/22 MP: 6/9
  2062 | D:2      | Reached XP level 4. HP: 18/28 MP: 6/10
  2549 | D:3      | Found a shadowy altar of Dithmenos.
  2714 | D:3      | Found a sparkling altar of Nemelex Xobeh.
  2829 | D:3      | Reached skill level 4 in Translocations
  2855 | D:3      | Found a faded altar of an unknown god.
  2890 | D:3      | Noticed Jatast's ghost (amateur DsAK)
  2976 | D:3      | Noticed a hippogriff
  3271 | D:4      | Noticed Menkaure
  3289 | D:3      | Became a worshipper of Fedhas Madash
  3289 | D:3      | Reached * piety under Fedhas
  3290 | D:3      | Fell from the grace of Fedhas
  3394 | D:4      | Found a sacrificial altar of Ru.
  3439 | D:4      | Reached XP level 5. HP: 3/32 MP: 11/11
  3673 | D:4      | Reached skill level 5 in Translocations
  3720 | D:4      | Slain by a wight

Skill      XL: |  1  2  3  4  5 |
---------------+----------------+-----
Dodging        | 3 |  3.4
Fighting       | 2 3 |  3.0
Translocations | 4 5 |  5.6
Long Blades    | |  1.7
Throwing       | |  1.0
Armour         | |  0.7
Spellcasting   | |  3.0

Action                   |  1- 3 |  4- 6 || total
-------------------------+-------+-------++-------
Melee: Falchion          |   111 |       ||   111
       Long sword        |    25 |   137 ||   162
Throw: Javelin           |       |     4 ||     4
 Cast: Shroud of Golubri |    15 |    10 ||    25
       Blink             |       |     1 ||     1
Invok: Renounce Religion |       |     1 ||     1
  Use: Scroll            |     3 |     4 ||     7
       Potion            |       |     1 ||     1
 Stab: Sleeping          |     1 |     2 ||     3
  Eat: Chunk             |     5 |     6 ||    11
Armor: Leather armour    |    35 |    60 ||    95
Dodge: Dodged            |   121 |   112 ||   233
       Rpst.: Falchion   |    34 |       ||    34
       Long sword        |     8 |    33 ||    41
